 Dungeon Crawl Stone Soup version 0.19.5 (webtiles) character file.

1232 empire the Skirmisher (level 8, 0/70 HPs)
             Began as a Mottled Draconian Monk on Mar 7, 2017.
             Was a Believer of Nemelex Xobeh.
             Killed from afar by an orc wizard (4 damage)
             ... with a magic dart
             ... on level 5 of the Dungeon.
             The game lasted 00:11:58 (5608 turns).

empire the Skirmisher (Mottled Draconian Monk)      Turns: 5608, Time: 00:11:59

Health: 0/70       AC:  6    Str: 13    XL:     8   Next: 24%
Magic:  20/20      EV: 21    Int: 11    God:    Nemelex Xobeh [**....]
Gold:   273        SH:  0    Dex: 21    Spells: 0 memorised, 7 levels left

rFire  . . .     SeeInvis .     a - +2 long sword (flame)
rCold  . . .     Gourm    .     (armour unavailable)
rNeg   . . .     Faith    .     (no shield)
rPois  .         Spirit   .     (helmet restricted)
rElec  .         Reflect  .     (no cloak)
rCorr  .         Harm     .     (no gloves)
MR     .....                    (no boots)
Stlth  +++.......               (no amulet)
                                (no ring)
                                q - ring of magical power

@: agile, short of breath
A: breathe sticky flame splash, unfitting armour, cold-blooded, AC +6
a: Breathe Sticky Flame, Renounce Religion


You were on level 5 of the Dungeon.
You worshipped Nemelex Xobeh.
Nemelex Xobeh was pleased with you.
You were hungry.

You visited 2 branches of the dungeon, and saw 6 of its levels.

You collected 273 gold pieces.

Inventory:

Hand Weapons
 a - a +2 long sword of flaming (weapon)
 x - a -1 eveningstar
Jewellery
 q - a ring of magical power (left hand)
Wands
 p - a wand of polymorph (13/24)
Scrolls
 e - a scroll of amnesia
 h - a scroll of identify
 j - a scroll of recharging {unknown}
 l - 2 scrolls of blinking {unknown}
 m - a scroll of noise {unknown}
 n - 5 scrolls of remove curse
 s - a scroll of random uselessness {unknown}
 t - a scroll of fog {unknown}
 u - 2 scrolls of immolation {unknown}
 v - 2 scrolls of teleportation {unknown}
Potions
 d - a potion of agility
 k - a potion of flight
Miscellaneous
 f - an ornate deck of destruction
 g - a plain deck of destruction {drawn: 6}
 i - a plain deck of destruction
 o - a plain deck of summoning
Comestibles
 b - 2 bread rations
 c - 6 fruits
 r - 2 beef jerkies
 w - a meat ration
 z - 3 chunks of flesh


   Skills:
 + Level 6.2 Fighting
 + Level 5.5 Long Blades
 + Level 4.9 Dodging
 - Level 1.7 Stealth
 + Level 3.1 Invocations
 + Level 4.5 Evocations


You had 7 spell levels left.
You didn't know any spells.

Dungeon Overview and Level Annotations

Branches:
Dungeon (5/15)             Temple (1/1) D:4

Altars:
Ashenzari
Cheibriados
Dithmenos
Hepliaklqana
Makhleb
Nemelex Xobeh
Okawaru
Qazlal
Ru
Sif Muna
Trog
Uskayaw
Vehumet
Xom
Yredelemnul
Zin
The Shining One


Innate Abilities, Weirdness & Mutations

You can spit globs of burning liquid.
You can ignite nearby creatures when you spit burning liquid.
Your weird mottled scales are hard. (AC +6)
You cannot fit into any form of body armour.
You are cold-blooded and may be slowed by cold attacks.


Message History

The bullfrog zombie closely misses you.
The ogre hits you with a giant spiked club!!
The orc wizard barely misses you. The bullfrog zombie misses you.
The orc wizard misses you.
You riposte.
You closely miss the orc wizard.
It was a potion of agility.
You feel agile all of a sudden.
The ogre hits you with a giant spiked club!!
* * * LOW HITPOINT WARNING * * *
The orc wizard hits you but does no damage.
The orc wizard completely misses you. The orc wizard barely misses you.
Okay, then.
Unknown command.
You hit the orc wizard. You burn the orc wizard.
You tail-slap the orc wizard, but do no damage.
The orc wizard is moderately wounded.
The orc barely misses you.
The orc wizard gestures at you while chanting.
The magic dart hits you!
You die...
Your body glows with a rainbow of weird colours and disappears.

##..#..#
#..##.###.# #
#.....#
#.........#.#
......#
#...###.###.#.
##.....#
#.............
+.....#
##..###......
#...##
####........####
.................
###.##...o...#.##
......))Oo@..#
.....#)#.#...#
.....#.#.Z.....#
..O. +.%.....#.#
.. #.#.....#.#
###.#...# #
#.#.#.# .......


You could see an ogre, an orc wizard, an orc and a bullfrog zombie.

Vanquished Creatures
  Menkaure (D:4)
  5 scorpions (D:4)
  A howler monkey (D:4)
  4 crimson imps (D:3)
  2 orc wizards (D:5)
  A centaur skeleton (D:4)
  Terence (D:3)
  8 gnolls
  11 adders
  An ooze (D:3)
  2 adder skeletons
  A worm (D:2)
  5 dart slugs
  4 leopard geckos
  5 orcs
  4 giant cockroaches
  11 goblins
  16 hobgoblins
  3 quokkas
  A ball python (D:2)
  A ball python skeleton (D:5)
  14 bats
  3 frilled lizards
  9 kobolds
  10 rats
  6 fungi (D:4)
130 creatures vanquished.

Vanquished Creatures (collateral kills)
  The ghost of AAAAA the Twirler, a novice HuGl of Makhleb (D:4)
  An ogre (D:4)
2 creatures vanquished.

Vanquished Creatures (others)
  A giant cockroach (D:4)
  A fungus (D:4)
2 creatures vanquished.

Grand Total: 134 creatures vanquished

Notes
Turn   | Place    | Note
-------+----------+-------------------------------------------
     0 | D:1      | empire the Draconian Monk began the quest for the Orb.
     0 | D:1      | Reached XP level 1. HP: 19/19 MP: 1/1
    92 | D:1      | Reached XP level 2. HP: 20/27 MP: 2/2
   650 | D:1      | Reached XP level 3. HP: 33/33 MP: 3/3
   707 | D:1      | Reached skill level 4 in Fighting
  1337 | D:2      | Reached XP level 4. HP: 24/40 MP: 4/4
  1556 | D:2      | Reached skill level 1 in Evocations
  1921 | D:2      | Found a glowing silver altar of Zin.
  2324 | D:3      | Found a shimmering altar of Xom.
  2348 | D:3      | Reached XP level 5. HP: 47/47 MP: 6/6
  2638 | D:3      | Reached XP level 6. HP: 40/55 MP: 8/8
  2858 | D:3      | Noticed Terence
  2872 | D:3      | Reached skill level 5 in Fighting
  2883 | D:3      | Killed Terence
  3433 | D:3      | Found a sparkling altar of Nemelex Xobeh.
  3448 | D:3      | Became a worshipper of Nemelex Xobeh the Trickster
  3448 | D:3      | Received a gift from Nemelex Xobeh
  3448 | D:3      | Received a gift from Nemelex Xobeh
  3448 | D:3      | Reached * piety under Nemelex Xobeh
  3448 | D:3      | Received a gift from Nemelex Xobeh
  3448 | D:3      | Reached ** piety under Nemelex Xobeh
  3557 | D:4      | Noticed Menkaure
  3569 | D:4      | Killed Menkaure
  3569 | D:4      | Reached skill level 1 in Invocations
  3569 | D:4      | Your scales start taking on a weird mottled colour.
  3569 | D:4      | Reached XP level 7. HP: 10/61 MP: 9/9
  3768 | D:4      | Noticed AAAAA's ghost (novice HuGl)
  4266 | D:4      | Killed AAAAA's ghost
  4266 | D:4      | Reached skill level 5 in Long Blades
  4285 | D:4      | Found a staircase to the Ecumenical Temple.
  4322 | Temple   | Entered the Ecumenical Temple
  4571 | D:4      | Received a gift from Nemelex Xobeh
  4887 | D:4      | Reached XP level 8. HP: 56/70 MP: 11/11
  5047 | D:4      | Reached skill level 6 in Fighting
  5305 | D:4      | Found a hazy altar of Hepliaklqana.
  5352 | D:5      | Entered Level 5 of the Dungeon
  5608 | D:5      | Killed from afar by an orc wizard

Skill      XL: |  1  2  3  4  5  6  7  8 |
---------------+-------------------------+-----
Fighting       | 4 5 6 |  6.2
Dodging        | 3 4 |  4.9
Evocations     | 1 2 3 4 |  4.5
Long Blades    | 4 5 |  5.5
Invocations    | 1 2 3 |  3.1
Stealth        | |  1.7

Action                   |  1- 3 |  4- 6 |  7- 9 || total
-------------------------+-------+-------+-------++-------
Melee: Falchion          |   104 |    28 |       ||   132
       Tailslap          |    11 |    31 |    13 ||    55
       Long sword        |       |   155 |   121 ||   276
 Abil: Breathe Sticky Fl |       |       |     2 ||     2
Evoke: Wand              |       |     1 |       ||     1
       Deck              |       |       |     6 ||     6
  Use: Scroll            |       |     7 |     1 ||     8
       Potion            |       |     7 |     1 ||     8
 Stab: Sleeping          |     7 |     2 |     3 ||    12
       Held in net/web   |       |       |     2 ||     2
  Eat: Chunk             |     1 |     8 |     6 ||    15
       Fruit             |       |       |     1 ||     1
Armor: Skin              |    29 |    51 |    24 ||   104
Dodge: Dodged            |    81 |   125 |    76 ||   282
       Rpst.: Falchion   |    26 |     6 |       ||    32
       Long sword        |       |    39 |    22 ||    61
